EL
NEW HAMPSHIRE FISHER CATS @ PORTLAND SEA DOGS
08/04/2044
 
TOP OF THE 1ST
New Hampshire Fisher Cats batting - Pitching for Portland Sea Dogs : RHP Marcus Golightly
Pitching: RHP Marcus Golightly
Batting: SHB Spencer Jones 0-0: Called Strike
0-1: Ground out 4-3 (Groundball, 34, EV 103.8 MPH)
Batting: LHB Sumiki Okuhara 0-0: Called Strike
0-1: Ball
1-1: Ball
2-1: Ball
3-1: Swinging Strike
3-2: Foul Ball, location: 2F
3-2: Base on Balls
Batting: RHB Donny Burnside 0-0: Called Strike
0-1: Called Strike
0-2: Ball
Sumiki Okuhara is caught stealing 2nd base 2-4
1-2: Ball
2-2: Fly out, F9 (Line Drive, 9S, EV 111.9 MPH)
Top of the 1st over - 0 runs, 0 hits, 0 errors, 0 left on base; New Hampshire 0 - Portland 0
BOTTOM OF THE 1ST
Portland Sea Dogs batting - Pitching for New Hampshire Fisher Cats : LHP Jon Sosa
Pitching: LHP Jon Sosa
Batting: LHB Julian Toney 0-0: Ball
1-0: Ball
2-0: Foul Ball, location: 2F
2-1: Called Strike
2-2: Strikes out swinging
Batting: RHB Pat Bulger 0-0: Ball
1-0: Ball
2-0: Called Strike
2-1: Ball
3-1: Ground out 4-3 (Groundball, 4, EV 90.0 MPH)
Batting: RHB Dan Friess 0-0: Foul Ball, location: 2F
0-1: Called Strike
0-2: Ball
1-2: Strikes out swinging
Bottom of the 1st over - 0 runs, 0 hits, 0 errors, 0 left on base; New Hampshire 0 - Portland 0
TOP OF THE 2ND
New Hampshire Fisher Cats batting - Pitching for Portland Sea Dogs : RHP Marcus Golightly
Batting: LHB Ray Whitehead 0-0: Called Strike
0-1: Called Strike
0-2: Strikes out swinging
Batting: LHB Rodrigo Briceno 0-0: Called Strike
0-1: Ball
1-1: Ball
2-1: Swinging Strike
2-2: Ball
3-2: Fly out, F8 (Line Drive, 8RM, EV 100.6 MPH)
Batting: RHB Jorge Baret 0-0: Called Strike
0-1: Ball
1-1: Ground out 6-3 (Groundball, 6, EV 97.5 MPH)
Top of the 2nd over - 0 runs, 0 hits, 0 errors, 0 left on base; New Hampshire 0 - Portland 0
BOTTOM OF THE 2ND
Portland Sea Dogs batting - Pitching for New Hampshire Fisher Cats : LHP Jon Sosa
Batting: RHB Carlos Nolasco 0-0: Ball
1-0: Called Strike
1-1: Ball
2-1: Foul Ball, location: 2F
2-2: Ground out 4-3 (Groundball, 4, EV 84.4 MPH)
Batting: LHB Alex Mendoza 0-0: Called Strike
0-1: Called Strike
0-2: Ball
1-2: Ball
2-2: Ground out U3 (Groundball, 13, EV 86.3 MPH)
Batting: LHB Brent Albertson 0-0: Called Strike
0-1: Swinging Strike
0-2: Strikes out swinging
Bottom of the 2nd over - 0 runs, 0 hits, 0 errors, 0 left on base; New Hampshire 0 - Portland 0
TOP OF THE 3RD
New Hampshire Fisher Cats batting - Pitching for Portland Sea Dogs : RHP Marcus Golightly
Batting: SHB Justin Veatch 0-0: Swinging Strike
0-1: Swinging Strike
0-2: Strikes out swinging
Batting: RHB Cyril Husson 0-0: Called Strike
0-1: Ball
1-1: Ball
2-1: Bunted foul
2-2: Ball
3-2: Strikes out looking
Batting: RHB Nick Wicker 0-0: Ball
1-0: Ball
2-0: Called Strike
2-1: Called Strike
2-2: Ball
3-2: Base on Balls
Batting: SHB Spencer Jones 0-0: Ball
Nick Wicker steals 2nd base
1-0: Foul Ball, location: 2F
1-1: Foul Ball, location: 2F
1-2: Foul Ball, location: 2F
1-2: Ball
2-2: SINGLE (Groundball, 25, EV 70.0 MPH) (infield hit)
Nick Wicker to third
Batting: LHB Sumiki Okuhara 0-0: Swinging Strike
0-1: Foul Ball, location: 2F
0-2: Foul Ball, location: 2F
0-2: Foul Ball, location: 2F
0-2: Foul Ball, location: 2F
0-2: Ball
1-2: Ball
2-2: Ground out 4-3 (Groundball, 34, EV 81.9 MPH)
Top of the 3rd over - 0 runs, 1 hit, 0 errors, 2 left on base; New Hampshire 0 - Portland 0
BOTTOM OF THE 3RD
Portland Sea Dogs batting - Pitching for New Hampshire Fisher Cats : LHP Jon Sosa
Batting: RHB Joe Evrard 0-0: Ball
1-0: Swinging Strike
1-1: Called Strike
1-2: Ball
2-2: Strikes out swinging
Batting: RHB David Clark 0-0: Ball
1-0: Ball
2-0: Ball
3-0: Base on Balls
Batting: LHB Dave Reyes 0-0: Called Strike
0-1: Ball
1-1: Ball
2-1: Fielders Choice at 2nd, 4-6 (Groundball, 34, EV 87.5 MPH)
Batting: LHB Julian Toney 0-0: Ball
Dave Reyes is caught stealing 2nd base 2-6
Bottom of the 3rd over - 0 runs, 0 hits, 0 errors, 0 left on base; New Hampshire 0 - Portland 0
TOP OF THE 4TH
New Hampshire Fisher Cats batting - Pitching for Portland Sea Dogs : RHP Marcus Golightly
Batting: RHB Donny Burnside 0-0: Fly out, F8 (Line Drive, 8RD, EV 92.5 MPH)
Batting: LHB Ray Whitehead 0-0: Foul Ball, location: 2F
0-1: Ball
1-1: Foul Ball, location: 2F
1-2: Foul Ball, location: 2F
1-2: Strikes out swinging
Batting: LHB Rodrigo Briceno 0-0: Called Strike
0-1: Ball
1-1: Foul Ball, location: 2F
1-2: Ball
2-2: Foul Ball, location: 2F
2-2: Ball
3-2: Base on Balls
Batting: RHB Jorge Baret 0-0: Called Strike
0-1: Ball
1-1: Foul Ball, location: 2F
1-2: SINGLE (Groundball, 56, EV 97.5 MPH)
Rodrigo Briceno to second
Batting: SHB Justin Veatch 0-0: Foul Ball, location: 2F
0-1: Ball
1-1: Ball
2-1: Ball
3-1: SINGLE (Groundball, 6D, EV 108.1 MPH)
Rodrigo Briceno to third
Jorge Baret to second
Runner from 3rd tries for Home, SAFE, throw by CF to home
Batting: RHB Cyril Husson 0-0: Ball
1-0: Ball
2-0: Ball
3-0: Base on Balls
Jorge Baret to third
Justin Veatch to second
Batting: RHB Nick Wicker 0-0: Called Strike
0-1: Ball
1-1: Swinging Strike
1-2: Strikes out looking
Top of the 4th over - 1 run, 2 hits, 0 errors, 3 left on base; New Hampshire 1 - Portland 0
BOTTOM OF THE 4TH
Portland Sea Dogs batting - Pitching for New Hampshire Fisher Cats : LHP Jon Sosa
Batting: LHB Julian Toney 0-0: Ball
1-0: Ground out 4-3 (Groundball, 34, EV 101.9 MPH)
Batting: RHB Pat Bulger 0-0: Ball
1-0: Foul Ball, location: 2F
1-1: Ball
2-1: Swinging Strike
2-2: Foul Ball, location: 2F
2-2: Fly out, F4 (Popup, 34S, EV 72.5 MPH)
Batting: RHB Dan Friess 0-0: Ball
1-0: Ground out 4-3 (Groundball, 4, EV 87.5 MPH)
Bottom of the 4th over - 0 runs, 0 hits, 0 errors, 0 left on base; New Hampshire 1 - Portland 0
TOP OF THE 5TH
New Hampshire Fisher Cats batting - Pitching for Portland Sea Dogs : RHP Marcus Golightly
Batting: SHB Spencer Jones 0-0: Ball
1-0: Called Strike
1-1: Foul Ball, location: 2F
1-2: Foul Ball, location: 2F
1-2: Ball
2-2: Ball
3-2: Strikes out swinging
Batting: LHB Sumiki Okuhara 0-0: Called Strike
0-1: Swinging Strike
0-2: Ball
1-2: Fly out, F4 (Popup, 4, EV 82.5 MPH)
Batting: RHB Donny Burnside 0-0: Ball
1-0: Ball
2-0: Called Strike
2-1: Foul Ball, location: 2F
2-2: SINGLE (Groundball, 6M, EV 90.6 MPH) (infield hit)
Batting: LHB Ray Whitehead 0-0: Ball
Donny Burnside steals 2nd base
1-0: Ball
2-0: Called Strike
2-1: Called Strike
2-2: Ground out 4-3 (Groundball, 34, EV 89.4 MPH)
Top of the 5th over - 0 runs, 1 hit, 0 errors, 1 left on base; New Hampshire 1 - Portland 0
BOTTOM OF THE 5TH
Portland Sea Dogs batting - Pitching for New Hampshire Fisher Cats : LHP Jon Sosa
Batting: RHB Carlos Nolasco 0-0: Foul Ball, location: 2F
0-1: Ball
1-1: Foul Ball, location: 2F
1-2: Foul Ball, location: 2F
1-2: DOUBLE (Line Drive, 89D, EV 98.1 MPH)
Batting: LHB Alex Mendoza 0-0: Ball
1-0: Ball
2-0: Ball
3-0: Called Strike
3-1: Swinging Strike
3-2: Base on Balls
Batting: LHB Brent Albertson 0-0: Called Strike
0-1: Ball
1-1: DOUBLE (Groundball, 3L, EV 102.5 MPH)
Carlos Nolasco scores
Alex Mendoza to third
Runner from 3rd tries for Home, SAFE, throw by RF to trailing runner, SAFE at third!
Batting: RHB Joe Evrard 0-0: Foul Ball, location: 2F
0-1: Called Strike
0-2: Ball
1-2: Ground out 6-3 (Groundball, 6MD, EV 105.6 MPH)
Brent Albertson scores
Batting: RHB David Clark 0-0: Fly out, F9 (Flyball, 89XD, EV 95.6 MPH)
Batting: LHB Dave Reyes 0-0: Ball
1-0: Ball
2-0: Called Strike
2-1: Ground out U3 (Groundball, 3, EV 84.4 MPH)
Bottom of the 5th over - 3 runs, 2 hits, 0 errors, 0 left on base; New Hampshire 1 - Portland 3
TOP OF THE 6TH
New Hampshire Fisher Cats batting - Pitching for Portland Sea Dogs : RHP Marcus Golightly
Pitching: RHP Dakota McAdam
Batting: LHB Rodrigo Briceno 0-0: Ball
1-0: Ball
2-0: Fly out, F8 (Flyball, 8LM, EV 91.3 MPH)
Batting: RHB Jorge Baret 0-0: Swinging Strike
0-1: Called Strike
0-2: Ground out 6-3 (Groundball, 6, EV 85.6 MPH)
Batting: SHB Justin Veatch 0-0: Ball
1-0: Called Strike
1-1: Called Strike
1-2: Ball
2-2: Ball
3-2: Strikes out swinging
Top of the 6th over - 0 runs, 0 hits, 0 errors, 0 left on base; New Hampshire 1 - Portland 3
BOTTOM OF THE 6TH
Portland Sea Dogs batting - Pitching for New Hampshire Fisher Cats : LHP Jon Sosa
Batting: LHB Julian Toney 0-0: Ball
1-0: Foul Ball, location: 2F
1-1: Foul Ball, location: 2F
1-2: Strikes out swinging
Batting: RHB Pat Bulger 0-0: Ball
1-0: Ball
2-0: Fly out, F4 (Flyball, 4D, EV 80.0 MPH)
Batting: RHB Dan Friess 0-0: Called Strike
0-1: Called Strike
0-2: Ball
1-2: Ball
2-2: Foul Ball, location: 2F
2-2: Ball
3-2: Base on Balls
Batting: RHB Carlos Nolasco Pickoff Throw to First - Out! 1-3
Bottom of the 6th over - 0 runs, 0 hits, 0 errors, 0 left on base; New Hampshire 1 - Portland 3
TOP OF THE 7TH
New Hampshire Fisher Cats batting - Pitching for Portland Sea Dogs : RHP Dakota McAdam
Pitching: LHP Danny Schneible
Batting: RHB Cyril Husson 0-0: Swinging Strike
0-1: Ball
1-1: Foul Ball, location: 2F
1-2: Foul Ball, location: 2F
1-2: SINGLE (Flyball, 8RS, EV 91.3 MPH)
Batting: RHB Nick Wicker 0-0: Called Strike
0-1: Called Strike
0-2: Strikes out looking
Batting: SHB Spencer Jones 0-0: Called Strike
0-1: Ball
Cyril Husson steals 2nd, throwing error, E2
Cyril Husson to third
1-1: Ball
2-1: Ball
3-1: Ground out 6-3 (Groundball, 6MD, EV 81.3 MPH)
Cyril Husson scores
Batting: LHB Sumiki Okuhara 0-0: Ground out U3 (Groundball, 3, EV 92.5 MPH)
Top of the 7th over - 1 run, 1 hit, 1 error, 0 left on base; New Hampshire 2 - Portland 3
BOTTOM OF THE 7TH
Portland Sea Dogs batting - Pitching for New Hampshire Fisher Cats : LHP Jon Sosa
Batting: RHB Carlos Nolasco 0-0: Ball
1-0: Called Strike
1-1: Called Strike
1-2: Foul Ball, location: 2F
1-2: Ball
2-2: Strikes out swinging
Batting: LHB Alex Mendoza 0-0: DOUBLE (Line Drive, 7LS, EV 106.9 MPH)
Batting: LHB Brent Albertson 0-0: Ball
1-0: Called Strike
1-1: Swinging Strike
1-2: Ball
2-2: Fly out, F8 (Flyball, 8LD, EV 93.1 MPH)
Runner from 2nd tags up, SAFE at 3rd with throw by CF
Pitching: LHP Vinny Zavala
Batting: RHB Joe Evrard 0-0: Called Strike
0-1: Ball
1-1: Ground out 4-3 (Groundball, 4, EV 94.4 MPH)
Bottom of the 7th over - 0 runs, 1 hit, 0 errors, 1 left on base; New Hampshire 2 - Portland 3
TOP OF THE 8TH
New Hampshire Fisher Cats batting - Pitching for Portland Sea Dogs : LHP Danny Schneible
Pitching: RHP Paul Carter
Batting: RHB Donny Burnside 0-0: Ball
1-0: Ball
2-0: Ball
3-0: Base on Balls
Pitching: RHP Pedro Torres
Batting: LHB Ray Whitehead 0-0: Ball
1-0: Foul Ball, location: 2F
1-1: Ball
2-1: Fly out, F7 (Flyball, 78XD, EV 103.8 MPH)
Batting: LHB Rodrigo Briceno 0-0: Called Strike
0-1: Swinging Strike
0-2: Ball
1-2: Ball
2-2: Reached on error, E7 (Flyball, 78M, EV 94.4 MPH)
Donny Burnside to second
Batting: RHB Jorge Baret 0-0: Foul Ball, location: 2F
0-1: Called Strike
0-2: Fly out, F8 (Flyball, 8LD, EV 83.8 MPH)
Batting: SHB Justin Veatch 0-0: Ball
1-0: Fly out, F9 (Flyball, 89S, EV 96.9 MPH)
Top of the 8th over - 0 runs, 0 hits, 1 error, 2 left on base; New Hampshire 2 - Portland 3
BOTTOM OF THE 8TH
Portland Sea Dogs batting - Pitching for New Hampshire Fisher Cats : LHP Vinny Zavala
Batting: RHB David Clark 0-0: Called Strike
0-1: Ball
1-1: Ball
2-1: Ball
3-1: Fly out, F4 (Flyball, 34D, EV 87.5 MPH)
Batting: LHB Dave Reyes 0-0: Ball
1-0: Called Strike
1-1: Called Strike
1-2: Foul Ball, location: 2F
1-2: Ball
2-2: Strikes out swinging
Batting: LHB Julian Toney 0-0: Ball
1-0: Foul Ball, location: 2F
1-1: Called Strike
1-2: Strikes out swinging
Bottom of the 8th over - 0 runs, 0 hits, 0 errors, 0 left on base; New Hampshire 2 - Portland 3
TOP OF THE 9TH
New Hampshire Fisher Cats batting - Pitching for Portland Sea Dogs : RHP Pedro Torres
Pitching: RHP Michael Vazquez
Batting: RHB Cyril Husson 0-0: Foul Ball, location: 2F
0-1: Swinging Strike
0-2: Ball
1-2: Foul Ball, location: 2F
1-2: Strikes out swinging
Batting: RHB Nick Wicker 0-0: Ball
1-0: Called Strike
1-1: SINGLE (Line Drive, 34, EV 94.4 MPH)
Batting: SHB Spencer Jones 0-0: Foul Ball, location: 2F
0-1: Foul Ball, location: 2F
0-2: Ball
1-2: Strikes out swinging
Batting: LHB Sumiki Okuhara 0-0: Ball
1-0: Ball
2-0: Ground out 4-3 (Groundball, 4, EV 98.1 MPH)
Top of the 9th over - 0 runs, 1 hit, 0 errors, 1 left on base; New Hampshire 2 - Portland 3
Thursday, March 31st , 2022 - OOTP Baseball 22.12 Build 89